AoeStats
← frankiejai

Black Forest

507276325Analyzed
4v4 RM · 14d ago on Sep 17, 2026· 97m 54s· 8 players
Game mode
Random Map
Map size
Large (8 player)
Population
200
Speed
Normal
Resources
Standard
Victory
Conquest
Starting age
Dark Age
Ending age
Imperial Age
RankedLock teamsTeams togetherTeam positionsShared explorationLock speedFull tech treeHidden civsTurbo modeCheats
Victory
Defeat
🇨🇳 Khmer · China
959
+16
🇦🇷 Hindustanis · Argentina
934
+17
🇭🇰 Chinese · Hong Kong SAR China
866
+20
🇨🇳 Romans · China
865
+20
🇩🇪 Berbers · Germany
1004
-21
🇺🇸 Bohemians · United States
951
-18
🇺🇸 Burgundians · United States
943
-18
🇲🇽 Hindustanis · Mexico
900
-16
#Tsch
1:33 Loom
14:06 Feudal Age
14:33 Double-Bit Axe
18:08 Wheelbarrow
21:05 Castle Age
20:04 Stone Mining
21:06 Fishing Lines
22:56 Bow Saw
24:16 Town Watch
28:47 Fletching
28:58 Padded Archer Armor
30:50 Caravan
31:16 Kasbah
33:16 Fortified Wall
33:03 Horse Collar
36:28 Imperial Age
34:35 Leather Archer Armor
34:44 Bodkin Arrow
35:53 Ballistics
35:44 Masonry
36:38 Scale Barding Armor
36:50 Hand Cart
38:15 Chemistry
37:26 Bracer
38:35 Conscription
37:37 Elite Camel Archer
44:30 Hoardings
45:30 Maghrebi Camels
47:47 Town Patrol
48:09 Siege Engineers
47:44 Treadmill Crane
49:20 Onager
51:12 Squires
51:13 Scale Mail Armor
51:24 Forging
51:44 Ring Archer Armor
50:50 Capped Ram
57:04 Chain Mail Armor
57:25 Iron Casting
57:14 Chain Barding Armor
60:38 Plate Barding Armor
60:34 Plate Mail Armor
61:05 Blast Furnace
63:03 Husbandry
63:13 Bloodlines
62:51 Heavy Camel Rider
68:44 Pikeman
88:59 Thumb Ring
88:19 Elite Genitour
KcoasRaulMx
1:51 Loom
13:40 Feudal Age
18:29 Double-Bit Axe
19:36 Fishing Lines
22:16 Castle Age
22:45 Horse Collar
23:22 Gillnets
23:42 Scale Barding Armor
25:20 Stone Mining
26:48 Bow Saw
26:30 Fletching
26:51 Forging
27:24 Fervor
30:33 Chain Barding Armor
33:07 Wheelbarrow
32:20 Town Watch
32:44 Scale Mail Armor
35:14 Iron Casting
35:01 Husbandry
36:41 Ballistics
39:51 Imperial Age
37:23 Padded Archer Armor
36:50 Elite Skirmisher
38:16 Grand Trunk Road
38:51 Bloodlines
39:02 Chain Mail Armor
41:38 Blast Furnace
40:44 Heavy Camel Rider
42:21 Conscription
43:20 Plate Barding Armor
44:44 Chemistry
43:48 Caravan
44:21 Imperial Camel Rider
45:11 Bodkin Arrow
46:05 Heavy Plow
48:00 Bracer
48:16 Leather Archer Armor
48:06 Shatagni
48:42 Siege Engineers
49:51 Light Cavalry
50:57 Hand Cart
51:47 Ring Archer Armor
50:44 Hussar
51:32 Thumb Ring
56:10 Pikeman
56:51 Squires
70:56 Masonry
72:02 Onager
84:54 Town Patrol
88:08 Fortified Wall
96:27 Arson
kingjohnkk
4:57 Loom
9:50 Feudal Age
11:19 Wheelbarrow
10:31 Double-Bit Axe
13:26 Loom
14:21 Fishing Lines
20:40 Castle Age
21:39 Hand Cart
21:37 Bow Saw
35:40 Imperial Age
34:33 Gillnets
36:41 Chemistry
36:01 Ballistics
35:23 Treadmill Crane
37:23 Two-Man Saw
38:05 Conscription
39:05 Wagenburg Tactics
38:22 Elite Hussite Wagon
41:53 Town Watch
43:53 Caravan
44:45 Fortified Wall
44:46 Masonry
44:41 Siege Engineers
45:41 Town Patrol
48:47 Architecture
49:04 Guilds
49:22 Onager
53:44 Heavy Scorpion
62:04 Houfnice
frankiejai
0:44 Loom
13:04 Feudal Age
11:45 Horse Collar
11:53 Double-Bit Axe
13:59 Bow Saw
14:04 Heavy Plow
15:32 Fishing Lines
25:04 Castle Age
23:00 Fletching
23:22 Forging
25:07 Scale Barding Armor
25:46 Squires
26:14 Husbandry
26:12 Bodkin Arrow
26:54 Iron Casting
26:03 Cavalier
34:28 Town Watch
36:37 Gold Mining
40:14 Imperial Age
38:21 Wheelbarrow
38:41 Town Patrol
38:33 Arson
38:09 Pikeman
38:14 Light Cavalry
40:46 Two-Man Saw
40:19 Crop Rotation
40:36 Hand Cart
40:46 Chain Barding Armor
40:28 Padded Archer Armor
40:28 Scale Mail Armor
42:06 Conscription
41:55 Burgundian Vineyards
41:55 Paladin
43:43 Plate Barding Armor
44:09 Blast Furnace
46:57 Gold Shaft Mining
48:52 Hoardings
49:34 Hussar
50:36 Caravan
52:26 Gillnets
54:37 Chain Mail Armor
64:20 Bracer
64:44 Man-at-Arms
64:59 Sappers
65:40 Elite Skirmisher
65:46 Crossbowman
66:24 Stone Mining
65:58 Long Swordsman
66:02 Elite Genitour
70:08 Two-Handed Swordsman
72:18 Redemption
73:01 Champion
73:05 Capped Ram
74:08 Halberdier
75:34 Elite Coustillier
79:26 Plate Mail Armor
79:12 Leather Archer Armor
79:10 Fervor
80:53 Treadmill Crane
82:18 Chemistry
81:37 Fortified Wall
81:38 Masonry
烛影曳红
11:03 Feudal Age
12:06 Man-at-Arms
13:32 Wheelbarrow
13:33 Double-Bit Axe
15:40 Horse Collar
16:02 Loom
16:42 Forging
20:23 Castle Age
20:16 Scale Mail Armor
20:34 Long Swordsman
22:31 Hand Cart
22:38 Pikeman
31:21 Fletching
31:46 Heavy Plow
32:40 Gold Mining
37:06 Bow Saw
40:10 Town Watch
45:52 Imperial Age
44:28 Gold Shaft Mining
49:29 Chemistry
48:50 Ballistics
48:36 Siege Engineers
48:44 Masonry
51:41 Crop Rotation
51:28 Town Patrol
52:31 Caravan
53:01 Coinage
52:42 Guilds
56:55 Heavy Scorpion
56:57 Legionary
57:38 Squires
61:42 Bodkin Arrow
61:47 Padded Archer Armor
62:24 Iron Casting
62:04 Chain Mail Armor
61:12 Halberdier
64:12 Leather Archer Armor
64:31 Architecture
63:57 Murder Holes
72:04 Blast Furnace
71:35 Ring Archer Armor
79:32 Conscription
79:20 Ballistas
81:20 Comitatenses
夏
1:11 Loom
11:40 Feudal Age
12:37 Horse Collar
12:44 Double-Bit Axe
15:27 Gold Mining
20:31 Castle Age
20:52 Fletching
21:06 Padded Archer Armor
22:37 Bow Saw
23:22 Heavy Plow
23:56 Leather Archer Armor
27:39 Gold Shaft Mining
32:10 Imperial Age
31:37 Bodkin Arrow
31:43 Scale Mail Armor
31:53 Forging
31:57 Stone Mining
33:12 Wheelbarrow
34:05 Chemistry
33:37 Ballistics
34:19 Bracer
34:15 Heavy Rocket Cart
36:35 Hand Cart
37:27 Town Watch
41:00 Ring Archer Armor
42:00 Two-Man Saw
41:48 Stone Shaft Mining
41:35 Town Patrol
42:52 Elite Chu Ko Nu
47:48 Masonry
47:34 Murder Holes
47:57 Chain Mail Armor
48:17 Iron Casting
51:34 Pikeman
52:14 Squires
52:00 Arson
52:56 Caravan
55:20 Architecture
55:28 Plate Mail Armor
55:33 Iron Casting
56:42 Halberdier
94:14 Rocketry
97:36 Conscription
大象钻树林
10:56 Feudal Age
13:48 Castle Age
12:18 Double-Bit Axe
16:30 Horse Collar
22:40 Heavy Plow
23:49 Loom
24:39 Wheelbarrow
24:41 Bow Saw
26:11 Hand Cart
26:09 Gold Mining
31:23 Imperial Age
29:58 Gold Shaft Mining
29:13 Stone Mining
30:21 Caravan
31:37 Padded Archer Armor
31:27 Fletching
31:47 Forging
31:43 Scale Barding Armor
31:39 Elite Ballista Elephant
32:20 Double Crossbow
33:15 Stone Shaft Mining
33:45 Chemistry
32:56 Masonry
33:07 Ballistics
33:36 Crop Rotation
33:07 Double Crossbow
34:10 Siege Engineers
34:00 Murder Holes
34:16 Fortified Wall
34:44 Iron Casting
34:29 Chain Barding Armor
34:24 Leather Archer Armor
34:05 Bodkin Arrow
34:33 Conscription
34:45 Tusk Swords
36:29 Blast Furnace
36:04 Plate Barding Armor
36:43 Husbandry
36:53 Bloodlines
36:04 Light Cavalry
37:27 Hoardings
38:06 Architecture
37:39 Bracer
38:09 Ring Archer Armor
40:06 Hussar
林归于凤
1:15 Loom
11:57 Feudal Age
12:23 Double-Bit Axe
12:20 Horse Collar
13:17 Wheelbarrow
16:29 Stone Mining
19:41 Castle Age
21:02 Hand Cart
21:11 Bow Saw
23:22 Heavy Plow
27:34 Padded Archer Armor
29:37 Stone Shaft Mining
28:55 Gold Mining
32:03 Imperial Age
30:25 Grand Trunk Road
31:09 Gold Shaft Mining
31:29 Town Watch
32:28 Town Patrol
33:06 Conscription
32:48 Shatagni
34:54 Chemistry
35:23 Leather Archer Armor
37:17 Ring Archer Armor
38:56 Caravan
45:23 Husbandry
45:36 Bloodlines
49:08 Heavy Camel Rider
54:15 Hoardings
54:59 Scale Barding Armor
55:06 Forging
56:32 Fortified Wall
57:57 Light Cavalry
65:37 Pikeman
65:39 Man-at-Arms
66:21 Squires
66:10 Arson
66:18 Long Swordsman
81:42 Two-Man Saw
94:48 Hussar
Connection lost

Rejoining the realm…

Still unreachable

The connection could not be restored.

Session expired

The server has moved on; the page needs a fresh start.